AoeStats
← Caldi

Arena

510306383Analyzed
4v4 RM · 12h ago on Sep 30, 2026· 107m 34s· 8 players
Game mode
Random Map
Map size
Large (8 player)
Population
200
Speed
Normal
Resources
Standard
Victory
Conquest
Starting age
Dark Age
Ending age
Imperial Age
RankedLock teamsTeams togetherTeam positionsShared explorationLock speedFull tech treeHidden civsTurbo modeCheats
Victory
Defeat
🇹🇼 Bengalis · Taiwan
561
+13
🇹🇼 Hindustanis · Taiwan
552
+14
🇨🇱 Malay · Chile
483
+17
🇫🇷 Goths · France
451
+18
🇹🇷 Burgundians · Türkiye
578
-19
🇮🇳 Khmer · India
564
-18
🇦🇺 Huns · Australia
430
-13
🇦🇺 Mongols · Australia
416
-12
maximo.cmd
3:08 Loom
13:10 Feudal Age
16:39 Double-Bit Axe
20:43 Man-at-Arms
22:30 Horse Collar
23:27 Gold Mining
24:21 Stone Mining
24:31 Arson
27:18 Wheelbarrow
31:21 Castle Age
33:18 Bow Saw
33:08 Long Swordsman
33:09 Pikeman
33:50 Squires
36:34 Imperial Age
35:17 Elite Skirmisher
35:19 Crossbowman
36:58 Two-Handed Swordsman
39:04 Stone Shaft Mining
39:05 Gold Shaft Mining
39:43 Arbalester
40:29 Thumb Ring
41:31 Forging
42:23 Hand Cart
42:12 Padded Archer Armor
42:03 Fletching
42:42 Halberdier
83:56 Leather Archer Armor
83:37 Bodkin Arrow
84:17 Iron Casting
92:48 Ring Archer Armor
93:19 Blast Furnace
103:01 Spies/Treason
104:10 Light Cavalry
Hurkano
0:39 Loom
16:20 Feudal Age
18:09 Wheelbarrow
18:44 Horse Collar
19:46 Double-Bit Axe
25:27 Castle Age
25:47 Padded Archer Armor
25:38 Fletching
28:33 Caravan
28:22 Pikeman
34:32 Hand Cart
35:12 Murder Holes
34:57 Treadmill Crane
35:38 Ballistics
36:39 Leather Archer Armor
36:24 Scale Mail Armor
36:35 Forging
36:20 Bodkin Arrow
35:50 Elite Skirmisher
36:56 Heavy Plow
37:16 Stone Mining
37:18 Gold Mining
40:55 Imperial Age
39:15 Anarchy
39:34 Bow Saw
40:45 Stone Shaft Mining
41:18 Elite Huskarl
42:21 Conscription
43:16 Ring Archer Armor
43:01 Chain Mail Armor
45:13 Town Watch
46:06 Iron Casting
45:36 Bracer
45:15 Halberdier
45:56 Squires
45:21 Crossbowman
45:23 Heavy Cavalry Archer
49:12 Chemistry
49:14 Perfusion
49:59 Guilds
50:04 Masonry
52:27 Blast Furnace
52:09 Crop Rotation
52:42 Two-Man Saw
63:59 Scale Barding Armor
64:28 Architecture
63:49 Heated Shot
64:19 Shipwright
64:09 Clinker Construction
64:10 Careening
64:05 Siphons
85:18 Sappers
95:01 Town Patrol
95:35 Coinage
96:57 Light Cavalry
97:38 Husbandry
101:18 Spies/Treason
pigfly414
5:05 Loom
12:25 Feudal Age
13:15 Double-Bit Axe
18:19 Castle Age
22:10 Bow Saw
25:24 Caravan
28:43 Horse Collar
32:20 Imperial Age
30:50 Gold Mining
31:37 Masonry
31:24 Murder Holes
32:56 Paiks
34:20 Chemistry
34:00 Wheelbarrow
35:51 Two-Man Saw
35:45 Conscription
37:00 Hand Cart
36:57 Heavy Plow
37:03 Padded Archer Armor
36:53 Fletching
37:13 Scale Barding Armor
37:36 Ballistics
38:07 Elite Ratha (Ranged)
40:15 Sanctity
40:23 Illumination
40:39 Theocracy
40:56 Mahayana
41:39 Block Printing
41:23 Herbal Medicine
42:16 Architecture
41:51 Elite Elephant Archer
43:39 Crop Rotation
43:50 Fervor
43:43 Devotion
43:26 Heavy Scorpion
51:20 Pikeman
52:00 Squires
51:59 Halberdier
53:28 Elite Battle Elephant
54:09 Husbandry
54:20 Bloodlines
57:50 Scale Mail Armor
58:00 Forging
58:06 Leather Archer Armor
57:46 Bodkin Arrow
58:14 Chain Barding Armor
60:05 Iron Casting
59:45 Chain Mail Armor
65:28 Blast Furnace
64:29 Bracer
64:59 Ring Archer Armor
68:30 Guilds
68:50 Coinage
71:39 Banking
78:18 Faith
77:59 Atonement
78:09 Redemption
uso61599904
15:45 Feudal Age
18:11 Double-Bit Axe
22:13 Castle Age
21:21 Loom
21:20 Horse Collar
21:33 Stone Mining
22:12 Forging
25:24 Bloodlines
26:16 Gold Mining
34:48 Imperial Age
33:23 Wheelbarrow
33:42 Gold Shaft Mining
35:30 Iron Casting
35:02 Scale Barding Armor
35:53 Hand Cart
39:00 Chain Barding Armor
39:40 Blast Furnace
38:54 Masonry
39:24 Siege Elephant
41:03 Bow Saw
40:30 Heavy Camel Rider
43:45 Husbandry
43:08 Imperial Camel Rider
46:00 Plate Barding Armor
57:35 Caravan
58:08 Coinage
67:52 Conscription
66:53 Elite Ghulam
70:27 Banking
kaynarcamucahit7
2:48 Loom
4:15 Loom
12:24 Feudal Age
11:39 Double-Bit Axe
11:39 Horse Collar
13:13 Heavy Plow
22:52 Castle Age
21:37 Bow Saw
21:43 Forging
21:39 Scale Barding Armor
21:44 Padded Archer Armor
22:34 Wheelbarrow
21:47 Town Watch
24:27 Husbandry
24:46 Squires
25:23 Crop Rotation
25:57 Two-Man Saw
25:19 Treadmill Crane
28:14 Iron Casting
28:05 Chain Barding Armor
28:12 Fortified Wall
28:41 Stone Mining
28:42 Gold Mining
31:11 Gold Shaft Mining
31:11 Stone Shaft Mining
32:12 Fletching
32:35 Murder Holes
32:54 Caravan
37:40 Imperial Age
35:34 Hand Cart
35:21 Town Patrol
35:23 Cavalier
36:05 Bodkin Arrow
38:52 Conscription
38:01 Paladin
39:47 Blast Furnace
39:27 Plate Barding Armor
38:54 Bracer
43:35 Leather Archer Armor
46:58 Hoardings
46:52 Ballistics
47:33 Chemistry
46:46 Masonry
63:25 Onager
65:08 Guilds
67:51 Architecture
74:20 Scale Mail Armor
73:46 Pikeman
75:06 Halberdier
80:15 Elite Coustillier
Caldi
11:36 Feudal Age
17:06 Castle Age
20:51 Gold Mining
22:16 Horse Collar
25:34 Wheelbarrow
29:14 Imperial Age
27:49 Double-Bit Axe
30:01 Bow Saw
30:15 Drill
29:20 Capped Ram
32:04 Siege Ram
34:32 Hand Cart
34:55 Caravan
40:43 Loom
42:32 Gold Shaft Mining
69:17 Thumb Ring
71:11 Elite Skirmisher
79:33 Murder Holes
91:07 Light Cavalry
91:58 Bloodlines
91:48 Husbandry
MarkyKenz
2:23 Loom
15:24 Feudal Age
16:48 Wheelbarrow
16:02 Double-Bit Axe
16:38 Gold Mining
18:43 Horse Collar
22:35 Castle Age
21:51 Fletching
22:01 Padded Archer Armor
22:14 Forging
22:11 Scale Barding Armor
22:29 Bloodlines
22:55 Stone Mining
23:46 Hand Cart
24:08 Bow Saw
24:54 Gold Shaft Mining
26:20 Heavy Plow
27:03 Thumb Ring
27:17 Leather Archer Armor
29:34 Caravan
30:02 Bodkin Arrow
30:44 Iron Casting
30:30 Chain Barding Armor
30:13 Husbandry
30:53 Fervor
31:49 Murder Holes
32:16 Ballistics
35:44 Imperial Age
38:19 Chemistry
37:57 Plate Barding Armor
37:23 Bracer
38:24 Blast Furnace
38:28 Two-Man Saw
38:24 Parthian Tactics
39:47 Conscription
39:29 Marauders
40:04 Masonry
40:56 Heavy Cavalry Archer
42:47 Elite Tarkan
101:02 Light Cavalry
102:21 Hussar
ShrouD
13:47 Feudal Age
12:03 Loom
17:50 Castle Age
16:39 Horse Collar
16:52 Stone Mining
16:52 Gold Mining
16:51 Double-Bit Axe
18:01 Wheelbarrow
20:09 Hand Cart
28:43 Imperial Age
26:53 Heavy Plow
27:31 Stone Shaft Mining
27:31 Gold Shaft Mining
27:56 Gold Shaft Mining
28:16 Crossbowman
32:07 Tusk Swords
33:18 Double Crossbow
35:16 Elite Ballista Elephant
36:35 Hoardings
35:31 Sappers
37:00 Padded Archer Armor
36:50 Fletching
37:11 Forging
37:01 Scale Mail Armor
37:06 Scale Barding Armor
37:35 Crop Rotation
43:33 Leather Archer Armor
43:38 Chain Barding Armor
43:38 Chain Mail Armor
43:55 Chain Barding Armor
44:11 Iron Casting
43:31 Bodkin Arrow
44:20 Caravan
44:51 Coinage
45:03 Ring Archer Armor
46:27 Ballistics
46:08 Murder Holes
46:19 Siege Engineers
46:24 Masonry
46:25 Careening
55:45 Architecture
Connection lost

Rejoining the realm…

Still unreachable

The connection could not be restored.

Session expired

The server has moved on; the page needs a fresh start.